 Dungeon Crawl Stone Soup version 0.32-a0-128-g77eb882913 (webtiles) character file.

Game seed: 503737650876910630

5350 BubbleThief the Basher (level 10, -2/104 HPs)
             Began as a Naga Cinder Acolyte on Feb 8, 2024.
             Was a High Priest of Ignis.
             Slain by a yak (9 damage)
             ... on level 1 of the Lair of Beasts.
             The game lasted 00:19:08 (8921 turns).

BubbleThief the Basher (Naga Cinder Acolyte)        Turns: 8921, Time: 00:19:09

Health: -2/104     AC: 15    Str: 16    XL:     10   Next: 65%
Magic:  13/13      EV:  9    Int: 26    God:    Ignis [*****.]
Gold:   287        SH:  0    Dex:  6    Spells: 12/14 levels left

rFire   + . .        M - +4 morningstar (freeze)
rCold   . . .        (no shield)
rNeg    . . .        A - +1 robe of Oblivion {rCorr Stlth+}
rPois   +            O - +1 hat {Stlth+}
rElec   .            t - +0 cloak
rCorr   +            D - +0 pair of gloves
SInv    +            (no barding)
Will    +....        x - amulet of magic regeneration
Stlth   +++          L - +6 ring of intelligence
HPRegen 0.37/turn    (no ring)
MPRegen 0.53/turn

%: no passive effects
@: fiery-armoured, studying Dodging, very slow
A: AC +3, large, see invisible, deformed body, poison resistance, slowness 2,
spit poison 1, naga tail 1
a: Spit Poison, Renounce Religion, Fiery Armour, Foxfire Swarm, Rising Flame


You were on level 1 of the Lair of Beasts.
You worshipped Ignis.
Ignis was extremely pleased with you.
You visited 2 branches of the dungeon, and saw 9 of its levels.
You also visited: Sewer and Ossuary.

You collected 423 gold pieces.
You spent 136 gold pieces at shops.

Inventory:

Hand Weapons
 M - a +4 morningstar of freezing (weapon)
Missiles
 B - a throwing net
Armour
 a - a +0 robe of cold resistance
 b - a +0 robe
 d - a +1 helmet
 t - a +0 cloak (worn)
 A - the +1 robe of Oblivion (worn) {rCorr Stlth+}
   (You bought it in a shop on level 5 of the Dungeon)

   rCorr:     It protects you from acid and corrosion.
   Stlth+:    It makes you more stealthy.
 D - a +0 pair of gloves (worn)
 N - a +1 leather armour of fire resistance
 O - a +1 hat of stealth (worn)
Jewellery
 x - an amulet of magic regeneration (around neck)
 I - a ring of fire
 L - a +6 ring of intelligence (left hand)
Wands
 C - a wand of iceblast (3)
 J - a wand of mindburst (17)
Scrolls
 e - 5 scrolls of identify
 h - a scroll of amnesia
 i - a scroll of silence {unknown}
 k - 4 scrolls of noise {unknown}
 m - a scroll of fear {unknown}
 n - a scroll of fog
 q - 2 scrolls of vulnerability
 s - 3 scrolls of enchant armour
 w - 3 scrolls of revelation
 y - 2 scrolls of immolation {unknown}
 K - a scroll of teleportation {unknown}
Potions
 c - 2 potions of magic {unknown}
 f - 2 potions of brilliance {unknown}
 g - a potion of berserk rage {unknown}
 j - a potion of lignification {unknown}
 l - 3 potions of cancellation {unknown}
 o - 5 potions of haste {unknown}
 p - a potion of heal wounds {unknown}
 r - 3 potions of mutation {unknown}
 u - 3 potions of invisibility {unknown}
 v - 2 potions of might {unknown}
 z - 3 potions of enlightenment {unknown}
 E - 2 potions of attraction {unknown}
 F - 4 potions of curing {unknown}
 G - 2 potions of degeneration {unknown}
 H - 2 potions of resistance {unknown}


   Skills:
 + Level 11.1 Fighting
 + Level 11.1 Maces & Flails
 - Level 2.5 Spellcasting
 - Level 4.1 Fire Magic


You had 12 spell levels left.
You knew the following spells:

 Your Spells              Type           Power      Damage    Failure   Level
a - Scorch                Fire           48%        2d7       2%          2

Your spell library contained the following spells:

 Spells                   Type           Power      Damage    Failure   Level
 Magic Dart               Conj           12%        1d3       10%         1
 Searing Ray              Conj           6%         2d4       16%         2
 Confusing Touch          Hex            3%         N/A       30%         3
 Passwall                 Erth           3%         N/A       30%         3
 Animate Armour           Summ/Erth      6%         N/A       69%         4
 Cause Fear               Hex            1%         N/A       69%         4
 Fulminant Prism          Conj/Alch      1%         3d5       69%         4
 Summon Lightning Spire   Summ/Air       3%         N/A       69%         4
 Lee's Rapid Deconstruct  Erth           1%         3d4*      95%         5
 Enfeeble                 Hex            1%         N/A       100%        7


Dungeon Overview and Level Annotations

Branches:
Dungeon (8/15)             Temple (0/1) D:5            Lair (1/5) D:8
  Sewer (visited)         Ossuary (visited)

Altars:
Fedhas
Nemelex Xobeh
Uskayaw

Shops:
D:5 [


Innate Abilities, Weirdness & Mutations

Your serpentine skin is tough. (AC +3)
You have supernaturally acute eyesight. (SInv)
Armour fits poorly on your strangely shaped body.
Your system is resistant to poisons. (rPois)
You cover ground very slowly.
You can spit poison.
You have a snake-like lower body.


Message History

The yak is burned by your cloak of flames.
The yak is moderately wounded.
The yak gores you!
The yak is burned by your cloak of flames.
The yak is heavily wounded.
You thump the yak! You freeze the yak.
The yak is severely wounded.
The yak gores you but does no damage. The yak gores you!
* * * LOW HITPOINT WARNING * * *
The yak is burned by your cloak of flames.
The yak is lightly wounded.
The yak gores you but does no damage.
The yak is burned by your cloak of flames.
The yak is heavily wounded.
You barely miss the yak. You punch the yak.
The yak is almost dead.
The yak gores you but does no damage.
The yak is burned by your cloak of flames.
The yak is almost dead.
The yak closely misses you. The yak barely misses you.
Unknown command.
You barely miss the yak. Your punch misses the yak.
The yak is almost dead.
The yak barely misses you. x2; The yak gores you!
* * * LOW HITPOINT WARNING * * *
The yak is burned by your cloak of flames.
The yak is heavily wounded.
Unknown command.
As you read the scroll labelled XEGITIATZUOCU, it crumbles to dust.
It is a scroll of identify.
h - a scroll of amnesia The yak gores you.
* * * LOW HITPOINT WARNING * * *
The yak is burned by your cloak of flames.
You kill the yak!
The yak gores you!
* * * LOW HITPOINT WARNING * * *
The yak gores you!
You die...
Ignis goes out, and joins you in death.

....# #....#...†......#
##...##...##...<......#
.....................#.
.
..........##........###
.Y.....PP..####.......#
.......##.## ####.>..##
.......Y..# #......#
.......#YY# ##.....#
......##@Y# #....##
......YYY.# ###...##
.......#### ####.##..#
......# #........#
.....# #........# ....#
#........# #...
#.######## #.# ### ##


You could see 7 yaks.

Vanquished Creatures
  A komodo dragon (Lair:1)
  A troll (D:8)
  2 hornets
  6 yaks
  3 orc warriors
  2 ogres
  3 wolves (D:8)
  5 centaurs
  A kobold brigand (D:8)
  A weeping skull (Ossuary)
  2 brain worms (Sewer)
  4 bullfrogs
  6 water moccasin zombies (Ossuary)
  7 wights
  3 killer bees (D:8)
  2 electric eels (D:8)
  5 howler monkeys
  A bombardier beetle (D:4)
  2 jellies
  4 hounds (D:8)
  2 orc priests
  A spectral scorpion (Ossuary)
  2 sleepcaps (D:6)
  Natasha (thrice) (D:3)
  3 iguanas
  5 orc wizards (D:8)
  A crocodile zombie (Ossuary)
  A bullfrog simulacrum (Ossuary)
  2 mummies (Ossuary)
  6 gnolls
  3 river rats (Sewer)
  12 adders
  A shadow imp (D:7)
  2 white imps
  2 ufetubi (D:4)
  2 adder zombies (Ossuary)
  A dart slug (D:2)
  3 ribbon worms
  23 orcs
  6 endoplasms
  4 giant cockroaches
  11 gnoll zombies (Ossuary)
  6 goblins
  5 hobgoblins
  3 jackals (D:2)
  13 kobolds
  8 quokkas
  10 ball pythons
  6 bats
  10 frilled lizards
  2 jackal zombies (Ossuary)
  3 orc zombies (Ossuary)
  13 rats
236 creatures vanquished.

Notes
Turn   | Place    | Note
-------+----------+-------------------------------------------
     0 | D:1      | BubbleThief the Naga Cinder Acolyte began the quest for the
                  | Orb.
     0 | D:1      | Reached XP level 1. HP: 21/21 MP: 2/2
   134 | D:1      | Reached XP level 2. HP: 28/28 MP: 4/4
   156 | D:1      | Learned a level 2 spell: Scorch
   451 | D:1      | Reached XP level 3. HP: 34/34 MP: 5/5
   922 | D:2      | Reached XP level 4. HP: 33/42 MP: 0/7
  1159 | D:2      | HP: 2/42 [gnoll/+0 spear (4)]
  1423 | D:2      | Reached XP level 5. HP: 30/49 MP: 3/8
  2051 | D:3      | Noticed Natasha
  2058 | D:3      | Killed Natasha
  2105 | D:3      | Found a glowing drain.
  2124 | Sewer    | Entered a sewer
  2185 | Sewer    | Reached XP level 6. HP: 55/57 MP: 4/9
  2528 | Sewer    | Reached skill level 5 in Maces & Flails
  2535 | Sewer    | Reached skill level 5 in Fighting
  2863 | D:3      | Reached XP level 7. HP: 67/67 MP: 7/10
  2967 | D:3      | Noticed Natasha
  2975 | D:3      | Killed Natasha
  3103 | D:3      | Noticed Natasha
  3108 | D:3      | Killed Natasha
  3941 | D:4      | Got the Parchment of the Volcanic Curse
  4175 | D:4      | Found a hide-covered altar of Uskayaw.
  4206 | D:5      | Entered Level 5 of the Dungeon
  4476 | D:5      | Reached XP level 8. HP: 76/76 MP: 5/11
  4752 | D:5      | Found a staircase to the Ecumenical Temple.
  4800 | D:5      | Found Xehy's Antique Armour Emporium.
  4865 | D:5      | Bought a polished robe for 136 gold pieces
  4865 | D:5      | Identified the +1 robe of Oblivion {rCorr Stlth+} (You
                  | bought it in a shop on level 5 of the Dungeon)
  4989 | D:5      | Noticed a yak
  4989 | D:5      | Noticed a yak
  4989 | D:5      | Noticed a yak
  4997 | D:4      | Killed a yak
  5094 | D:5      | Found a blossoming altar of Fedhas.
  5121 | D:5      | Killed a yak
  5130 | D:5      | Killed a yak
  5531 | D:6      | Found a sand-covered staircase.
  5536 | Ossuary  | Entered an ossuary
  5647 | Ossuary  | Reached XP level 9. HP: 80/88 MP: 6/12
  7147 | D:7      | Noticed a hornet
  7154 | D:7      | Killed a hornet
  7212 | D:8      | Noticed a troll
  7222 | D:8      | Killed a troll
  7223 | D:8      | Reached XP level 10. HP: 73/102 MP: 11/13
  7235 | D:8      | Reached skill level 10 in Fighting
  7235 | D:8      | Reached skill level 10 in Maces & Flails
  8168 | D:8      | Found a staircase to the Lair.
  8268 | D:8      | Found a sparkling altar of Nemelex Xobeh.
  8806 | Lair:1   | Entered Level 1 of the Lair of Beasts
  8921 | Lair:1   | Slain by a yak

Illustrated notes

Levels and vault maps discovered:
D:1:      minmay_arrival_doors, layout_basic
D:2:      cheibrodos_pilgrimage, layout_loops_cross, grunt_ministairs_5
D:3:      layout_rooms, gup_sewer_entry_pipe, reono_crystal_passage,
          kennysheep_generic_room_8, uniq_natasha
D:4:      layout_rooms, nicolae_uskayaw_suspiria, minmay_misc_feat_tiny
D:5:      layout_gridville, lemuel_tele_altar,
          minmay_temple_entry_enclosed_plants, serial_shops, shop,
          corexii_leaking_fountain
D:6:      layout_loops_ring, nicolae_ossuary_entry_false_entrances
D:7:      lemuel_ice_spiral_2, layout_basic
D:8:      layout_layer_cave, old_standard_altar, erik_lair_island,
          billiards_dpeg
Lair:1:   layout_gridlike

Skill      XL: |  1  2  3  4  5  6  7  8  9 10 |
---------------+-------------------------------+-----
Spellcasting   | 2 |  2.5
Fire Magic     | 4 |  4.1
Maces & Flails | 4 5 6 7 9 11 | 11.1
Fighting       | 4 5 6 7 9 11 | 11.1

Action                     |  1- 3 |  4- 6 |  7- 9 | 10-12 || total
---------------------------+-------+-------+-------+-------++-------
  Melee: Mace              |    38 |    48 |   151 |       ||   237
         Punch             |     1 |     1 |    17 |     6 ||    25
         Morningstar       |       |       |    33 |   123 ||   156
   Cast: Scorch            |    17 |    44 |   125 |    27 ||   213
 Invoke: Fiery Armour      |       |       |     1 |     1 ||     2
Ability: Spit Poison       |    28 |    28 |    31 |    10 ||    97
  Evoke: Wand              |       |       |     3 |       ||     3
    Use: Scroll            |       |     1 |     3 |     1 ||     5
   Stab: Sleeping          |       |       |     1 |     1 ||     2
 Armour: Robe              |    30 |    58 |   195 |   118 ||   401
  Dodge: Dodged            |    22 |    42 |    92 |    59 ||   215

Table legend: (Time is in decaauts)
 A = Elapsed time spent in this place.
 B = Non-inter-level travel time spent in this place.
 C = Inter-level travel time spent in this place.
 D = Time resting spent in this place.
 E = Time spent auto-exploring this place.
 F = Levels seen in this place.
 G = Mean time per level.
                   A        B        C        D        E       F      G
               +--------+--------+--------+--------+--------+-----+--------+
         Total |  10987 |  10700 |    287 |    110 |   8712 |  11 |  998.8 |
       Dungeon |   9649 |   9362 |    287 |     99 |   7815 |   8 | 1206.1 |
          Lair |    145 |    145 |      0 |      0 |    108 |   1 |  145.0 |
         Sewer |    788 |    788 |      0 |      0 |    633 |   1 |  788.0 |
       Ossuary |    403 |    403 |      0 |     11 |    154 |   1 |  403.0 |
               +--------+--------+--------+--------+--------+-----+--------+

Top non-repeatable levels by time:
     D:8: 1876 daAuts
     D:2: 1495 daAuts
     D:5: 1345 daAuts
     D:6: 1131 daAuts
     D:4: 1064 daAuts
     D:7: 953 daAuts
     D:3: 907 daAuts
     D:1: 875 daAuts
   Sewer: 788 daAuts
 Ossuary: 403 daAuts
  Lair:1: 145 daAuts
